 Dungeon Crawl Stone Soup version 0.25.1-2-g60ff931df9 (webtiles) character file.

Game seed: 8558956008024208153

305 H0rd4k the Insei (level 6, 0/38 HPs)
             Began as an Octopode Transmuter on Aug 26, 2020.
             Succumbed to a scorpion's poison
             ... on level 3 of the Dungeon.
             The game lasted 00:04:49 (3734 turns).

H0rd4k the Insei (Octopode Transmuter)              Turns: 3734, Time: 00:04:50

Health: 0/38       AC:  1    Str:  9    XL:     6   Next: 39%
Magic:  10/10      EV: 14    Int: 18    God:
Gold:   219        SH:  0    Dex: 12    Spells: 4/10 levels left

rFire    . . .     SeeInvis .     - Unarmed
rCold    + . .     Gourm    .   (no shield)
rNeg     + . .     Faith    .   (helmet restricted)
rPois    .         Spirit   .   (no amulet)
rElec    .         Reflect  .   d - ring of resist corrosion
rCorr    +         Harm     .   e - ring of positive energy
MR       .....                  h - ring of protection from cold
Stlth    +++.......             (no ring)
HPRegen  0.12/turn              (no ring)
MPRegen  0.12/turn              (no ring)
                                (no ring)
                                (no ring)

@: lethally poisoned (0 -> -3)
A: almost no armour, stealthy swim, amphibious, 8 rings, constrict 8, camouflage
1, wild magic 1, gelatinous body 1
a: no special abilities


You were on level 3 of the Dungeon.
You were not hungry.

You visited 1 branch of the dungeon, and saw 4 of its levels.

You collected 219 gold pieces.

Inventory:

Missiles
 a - 27 arrows
 j - 41 poisoned darts (quivered)
 k - 3 curare-tipped darts
Jewellery
 d - a ring of resist corrosion (left tentacle)
 e - a ring of positive energy (right tentacle)
 h - a ring of protection from cold (on tentacle)
Wands
 f - a wand of random effects (25)
Scrolls
 b - 3 scrolls of identify
 g - a scroll of amnesia
Potions
 i - a potion of might
Comestibles
 c - 11 rations


   Skills:
 + Level 1.4 Fighting
 + Level 2.9 Dodging
 + Level 2.9 Stealth
 + Level 4.8 Unarmed Combat
 * Level 2.9 Spellcasting
 * Level 3.3 Transmutations


You had 4 spell levels left.
You knew the following spells:

 Your Spells              Type           Power        Failure   Level  Hunger
a - Beastly Appendage     Tmut           ###...       7%          1    None
b - Sticks to Snakes      Tmut           ###.....     10%         2    ##.....
c - Spider Form           Tmut/Pois      ##........   34%         3    ###....

Your spell library contained the following spells:

 Spells                   Type           Power        Failure   Level  Hunger
 Ice Form                 Ice/Tmut       ##......     71%         4    ####...
 Blade Hands              Tmut           ###.......   82%         5    ######.


Dungeon Overview and Level Annotations

Branches:
Dungeon (4/15)
 Temple: D:4-7

Altars:
Ru


Innate Abilities, Weirdness & Mutations

You cannot wear most types of armour.
You are very stealthy in the water. (Stealth+)
You are amphibious.
You can wear up to eight rings at the same time.
You can use your tentacles to constrict eight enemies at once.
Your skin changes colour to match your surroundings (Stealth+).
Your rubbery body absorbs attacks. (AC +1, EV +1)
Your spells are a little harder to cast, but a little more powerful.


Message History

* * * LOW HITPOINT WARNING * * *
You feel sick.
Your tentacle spike disappears.
* * * LOW HITPOINT WARNING * * *
You feel sick.
A quokka comes into view.
* * * LOW HITPOINT WARNING * * *
You feel sick.
* * * LOW HITPOINT WARNING * * *
You feel sick.
There is a stone staircase leading up here.
* * * LOW HITPOINT WARNING * * *
You feel sick.
You climb upwards.
* * * LOW HITPOINT WARNING * * *
You feel sick.
There is a stone staircase leading down here.
* * * LOW HITPOINT WARNING * * *
You feel sick.
You die...

#...#.#_#.#...# ##
#.##.###.####.# .#
#..###.###..(.# .#
##.........#### .#
###.....#####
.##### #....<..#
.....# ##>##.####
.....# ##..##.#
.....# ##..###@#
...).#####..## #.#
.....##.)..## #.#
.....##.#### #.#
.>......# #.#
#.###..## ##.#
#..##..##### #..#
##.##......# #.##
##.###.###.####.##


There were no monsters in sight!

Vanquished Creatures
  A scorpion (D:4)
  A howler monkey (D:4)
  An orc priest (D:3)
  An orc wizard (D:3)
  A worker ant (D:4)
  6 adders
  2 dart slugs (D:1)
  3 leopard geckos
  4 orcs (D:3)
  14 bats
  4 giant cockroaches
  9 goblins
  9 hobgoblins
  2 jackals (D:3)
  10 kobolds
  A quokka (D:3)
  2 frilled lizards
  8 rats
79 creatures vanquished.

Vanquished Creatures (others)
  A howler monkey (D:4)
  A leopard gecko (D:4)
  2 orcs
  A rat (D:3)
5 creatures vanquished.

Grand Total: 84 creatures vanquished

Notes
Turn   | Place    | Note
-------+----------+-------------------------------------------
     0 | D:1      | H0rd4k the Octopode Transmuter began the quest for the Orb.
     0 | D:1      | Reached XP level 1. HP: 13/13 MP: 3/3
   315 | D:1      | Reached XP level 2. HP: 11/18 MP: 5/5
   772 | D:1      | Reached XP level 3. HP: 19/23 MP: 6/6
  1303 | D:1      | Learned a level 2 spell: Sticks to Snakes
  1307 | D:1      | Learned a level 3 spell: Spider Form
  1947 | D:2      | Reached skill level 1 in Stealth
  1947 | D:2      | Reached XP level 4. HP: 18/28 MP: 5/7
  2690 | D:3      | Reached XP level 5. HP: 5/33 MP: 8/8
  2696 | D:3      | Reached skill level 4 in Unarmed Combat
  3124 | D:3      | Found a sacrificial altar of Ru.
  3554 | D:3      | Found a faded altar of an unknown god.
  3695 | D:4      | Reached XP level 6. HP: 24/38 MP: 10/10
  3721 | D:4      | Gained mutation: Your spells are a little harder to cast,
                  | but a little more powerful. [potion of mutation]
  3731 | D:3      | HP: 1/38 [poisoned by a scorpion]
  3734 | D:3      | Succumbed to a scorpion's poison

Illustrated notes

Levels and vault maps discovered:
D:1:      roderic_crossed_star, layout_loops_ring,
          hangedman_decor_diamond_cutter
D:2:      layout_loops_ring, minmay_large_rounded_square,
          kennysheep_generic_room_3
D:3:      layout_rooms, first_ration, chequers_ecumenical_altar_twisty,
          minmay_misc_feat_enclosed, nicolae_ru_great_annihilating_truth
D:4:      layout_rooms, serial_shops, shop, xom_confusion_cloud, uniq_ijyb,
          uniq_duvessa, uniq_pikel

Skill      XL: |  1  2  3  4  5 |
---------------+----------------+-----
Stealth        | 1 2 |  2.9
Unarmed Combat | 4 |  4.8
Transmutations | 3 |  3.3
Fighting       | |  1.4
Dodging        | |  2.9
Spellcasting   | |  2.9

Action                   |  1- 3 |  4- 6 || total
-------------------------+-------+-------++-------
Melee: Unarmed           |    94 |   111 ||   205
       Constrict         |    20 |    23 ||    43
       Tentacles         |    12 |    18 ||    30
       Kick              |     2 |     6 ||     8
       Punch             |     1 |     2 ||     3
 Cast: Beastly Appendage |     2 |     4 ||     6
  Use: Scroll            |       |     6 ||     6
       Potion            |       |     4 ||     4
 Stab: Sleeping          |     6 |    10 ||    16
       Invisible         |       |     2 ||     2
  Eat: Chunk             |     3 |     6 ||     9
Armor: Skin              |    19 |    32 ||    51
Dodge: Dodged            |    64 |    55 ||   119
